 Dungeon Crawl Stone Soup version 0.17-a0-1133-gfb1399f (webtiles) character file.

263 AnnoyedKobold the Skirmisher (level 5, -2/50 HPs)
             Began as a Minotaur Fighter on May 25, 2015.
             Slain by an ogre
             ... wielding a +0 giant club
              (12 damage)
             ... on level 3 of the Dungeon.
             The game lasted 00:08:18 (3088 turns).

AnnoyedKobold the Skirmisher (Minotaur Fighter)     Turns: 3088, Time: 00:08:18

Health: -2/50      AC: 14    Str: 22    XL:     5   Next: 98%
Magic:  4/4        EV:  9    Int:  5    God:
Gold:   87         SH:  0    Dex:  9    Spells: 0 memorised, 4 levels left

rFire  . . .     SeeInvis .     F - +0 battleaxe
rCold  + . .     Clarity  .     b - +0 scale mail
rNeg   . . .     SustAt   .     (no shield)
rPois  .         Gourm    .     (helmet restricted)
rElec  .         Spirit   .     m - +0 cloak
rCorr  .         Warding  .     (no gloves)
rMut   .         Stasis   .     E - +0 pair of boots
MR     .....                    (no amulet)
Stlth  ..........               y - ring of protection from cold
                                q - +5 ring of protection

@: not resistant to hostile enchantments, extremely unstealthy
A: retaliatory headbutt, horns 2
a: no special abilities


You were on level 3 of the Dungeon.
You were full.

You visited 1 branch of the dungeon, and saw 4 of its levels.

You collected 135 gold pieces.
You spent 48 gold pieces at shops.

Inventory:

Hand weapons
 a - a +0 trident
 F - a +0 battleaxe (weapon)
Armour
 b - a +0 scale mail (worn)
 c - a +0 shield
 m - a +0 cloak (worn)
 E - a +0 pair of boots (worn)
Jewellery
 q - a +5 ring of protection (left hand)
 y - a ring of protection from cold (right hand)
 A - an uncursed ring of see invisible
 D - a +1 ring of evasion {unknown}
Magical devices
 w - a wand of paralysis (1)
Scrolls
 i - 2 scrolls of remove curse {unknown}
 p - 3 scrolls of identify {unknown}
 u - a scroll of enchant weapon {unknown}
 x - a scroll of recharging
 C - a scroll of magic mapping {unknown}
Potions
 d - a potion of might
 j - a potion of cancellation {unknown}
 k - a potion of beneficial mutation {unknown}
 l - a potion of mutation {unknown}
 n - 2 potions of curing {unknown}
 r - a potion of haste {unknown}
 s - a potion of degeneration {unknown}
 t - a potion of resistance {unknown}
 z - a potion of invisibility {unknown}
 B - a potion of brilliance {unknown}
Comestibles
 e - 2 bread rations
 f - 2 fruits
 g - a royal jelly
 h - 2 meat rations
 o - 3 beef jerkies
 v - a slice of pizza


   Skills:
 + Level 6.2 Fighting
 + Level 5.3 Polearms
 - Level 3.7 Armour
 - Level 0.2 Dodging
 - Level 3.8 Shields


You had 4 spell levels left.
You didn't know any spells.

Dungeon Overview and Level Annotations

Branches:
Dungeon (4/15)
 Temple: D:4-7

Altars:
Dithmenos
Makhleb

Shops:
D:4 }


Innate Abilities, Weirdness & Mutations

You reflexively headbutt those who attack you in melee.
You have a pair of horns on your head.


Message History

The ogre hits you with a giant club!!
You slash the ogre!
The ogre is moderately wounded.
The ogre hits you with a giant club! The ogre hits you with a giant club!
* * * LOW HITPOINT WARNING * * *
There is a stone staircase leading up here.
You climb upwards.
There is a stone staircase leading down here.
Drink which item? (? for menu, Esc to quit)
Okay, then.
Read which item? (? for menu, Esc to quit)
Okay, then.
Evoke which item? (* to show all) (? for menu, Esc to quit)
Zapping:
w - a wand of paralysis (2)
Press: ? - help, Shift-Dir - straight line, f - ogre
Aim: an ogre, wielding a giant club (moderately wounded, chance to defeat MR: 46%)
The ogre resists with some effort.
This wand has 1 charge left.
The ogre hits you with a giant club!
You die...

...........#.#.....# #.....#
...........#.......# #.....#
...........##......# #.....#
...........##......#####.....###
..............#..#.#...........#
..)........##....#.#...........#
...........##......#...........#
...........##..#.###...........#
...........##..#@# #...........#
...........##...O# #############
...........##.#..####
....................#
....................#
................>...#
.......####.........#
......##.###(.......#
.........###........#


You could see an ogre.

Vanquished Creatures
  2 hounds
  2 centaur skeletons (D:4)
  Robin (D:3)
  3 adders
  2 oozes (D:3)
  5 worms
  5 giant geckos
  3 giant cockroaches
  11 hobgoblins
  5 kobolds
  7 bats
  7 giant newts
  14 goblins
  3 jackals (D:1)
  A quokka zombie (D:4)
  6 rats
77 creatures vanquished.

Notes
Turn   | Place    | Note
--------------------------------------------------------------
     0 | D:1      | AnnoyedKobold the Minotaur Fighter began the quest for the Orb.
     0 | D:1      | Reached XP level 1. HP: 19/19 MP: 0/0
    96 | D:1      | Reached XP level 2. HP: 13/27 MP: 1/1
   357 | D:1      | Reached skill level 4 in Fighting
   738 | D:1      | Reached XP level 3. HP: 33/33 MP: 2/2
  1190 | D:2      | You fall through a shaft for 2 floors!
  1195 | D:4      | Reached XP level 4. HP: 39/41 MP: 3/3
  1233 | D:4      | Reached skill level 5 in Fighting
  1300 | D:4      | Found a shadowy altar of Dithmenos.
  1606 | D:4      | Reached XP level 5. HP: 48/48 MP: 4/4
  1671 | D:4      | Found Lucvaur's Gadget Shop.
  1675 | D:4      | Bought a wand of paralysis (2) for 48 gold pieces
  1780 | D:4      | Noticed an ogre
  1850 | D:3      | Reached skill level 5 in Polearms
  2085 | D:3      | Found a burning altar of Makhleb.
  2111 | D:3      | Reached skill level 6 in Fighting
  2282 | D:3      | Noticed Robin
  2310 | D:3      | Killed Robin
  3088 | D:3      | Slain by an ogre

Vault maps used:
D:1:      dpeg_arrival_tiny_j, hangedman_abyss_or_decor_stabs
D:2:      lemuel_coloured_pillars_altar
D:3:      makhleb_heckhound_becter, uniq_robin
D:4:      nicolae_dithmenos_the_darkroom, serial_shops, kennysheep_mini_moat

Action                   |  1- 3 |  4- 6 || total
-------------------------+-------+-------++-------
Melee: Trident           |    86 |   107 ||   193
       Battleaxe         |       |     4 ||     4
Evoke: Wand              |       |     1 ||     1
  Use: Scroll            |     4 |       ||     4
       Potion            |       |     1 ||     1
  Eat: Chunk             |       |     5 ||     5
       Fruit             |       |     8 ||     8
